[Event "68th GRE-ch 2018"]
[Site "Thessaloniki"]
[Date "2018.12.12"]
[Round "1"]
[White "Skaperdas, Kostantinos"]
[Black "Kanakaris, Georgios"]
[Result "0-1"]
[ECO "A43"]
[WhiteElo "2231"]
[BlackElo "2401"]
[Annotator "RC"]
[PlyCount "118"]
[EventDate "2018.12.12"]
[EventType "tourn"]
[EventCountry "GRE"]
[SourceTitle "playchess.com"]
[Source "ChessBase"]
[SourceQuality "1"]
[TimeControl "40/5400+30:1800+30"]

1. d4 Nf6 2. Nf3 c5 3. d5 e6 4. Nc3 exd5 5. Nxd5 Nxd5 6. Qxd5 Nc6 7. c3 d6 8. Bg5 Be6 9. Qxe6+ fxe6 10. Bxd8 Rxd8 11. e4 Be7 12. Rd1 a6 13. Bc4 Kd7 14. a4 Rhf8 15. O-O g5 16. Ne1 Ne5 17. Be2 Bf6 18. Nd3 Ke7 19. Nxe5 Bxe5 20. g3 Rb8 21. Ra1 Rf7 22. Rfc1 Rbf8 23. Rf1 Rc8 24. Kg2 Kd7 25. Rh1 Rcf8 26. Raf1 Rg7 27. h3 h6 28. Bh5 Rgg8 29. Ra1 Rf6 30. Rhd1 Kc6 31. a5 Rgf8 32. Rd2 b5 33. axb6 Kxb6 34. Bd1 d5 35. exd5 exd5 36. Bg4 d4 37. c4 Bc7 38. Re1 Kc6 39. Re6+ Rxe6 40. Bxe6 Ba5 41. Rd3 Be1 42. Bd5+ Kd6 43. Bf3 h5 44. g4 h4 45. Kf1 Bb4 46. Be2 Ke5 47. Bf3 a5 48. Bd1 Rf4 49. b3 Bc3 50. Be2 Rf8 51. Rf3 Rxf3 52. Bxf3 d3 53. Bb7 Bd2 54. Bc6 Kd4 55. Be8 Kc3 56. Ba4 Kb2 57. f3 Kc1 58. Kf2 Bb4 59. f4 d2 0-1

[Event "68th GRE-ch 2018"]
[Site "Thessaloniki"]
[Date "2018.12.12"]
[Round "1"]
[White "Makka, Evanthia"]
[Black "Koutoukidis, Panagiotis"]
[Result "0-1"]
[ECO "A46"]
[WhiteElo "2084"]
[BlackElo "2357"]
[Annotator "NA"]
[PlyCount "92"]
[EventDate "2018.12.12"]
[EventType "tourn"]
[EventCountry "GRE"]
[SourceTitle "playchess.com"]
[Source "ChessBase"]
[SourceQuality "1"]
[TimeControl "40/5400+30:1800+30"]

1. d4 Nf6 2. Nf3 d5 3. c4 e6 4. e3 Be7 5. Nbd2 O-O 6. b3 {[%emt 0:02:22] D30: Queen's Gambit Declined: Systems without Nc3} b6 7. Bb2 Bb7 8. Be2 (8. Bd3 c5 9. dxc5 Bxc5 10. O-O dxc4 11. Nxc4 Nbd7 12. Qe2 b5 13. Nce5 Nxe5 14. Nxe5 a6 {1-0 (25) Wojtaszek,R (2749)-Svane,R (2555) Doha 2016}) 8... Nbd7 9. O-O c5 10. Rc1 Rc8 {[%emt 0:05:27] LiveBook: 15 Games} 11. cxd5 Nxd5 12. Nc4 b5 13. Nce5 Nxe5 14. Nxe5 a6 15. Bd3 $146 ({Predecessor:} 15. Qd2 f6 16. Nf3 g5 17. Rfd1 Qb6 18. dxc5 Bxc5 {1-0 (45) Biro,K (2166)-Zelovic,M (2040) Slovakia 2009}) 15... Nf6 16. Qe2 Qd5 17. f3 cxd4 18. Bxd4 Bd6 19. f4 Ba8 20. Ng4 Nxg4 21. Qxg4 g6 22. Rcd1 Bc5 23. Be2 {[%emt 0:06:23] [#]} (23. Bxc5 $15 Qxc5 24. Qe2) 23... Bxd4 $1 24. Rxd4 Qc5 25. Rfd1 Qc3 26. Kf2 Qb2 27. R1d2 Rc2 28. Rxc2 Qxc2 29. Qg5 Bd5 30. f5 (30. h4 $15) 30... f6 31. Qh6 Qxf5+ 32. Rf4 Qe5 33. h4 (33. Rh4 $17 {keeps fighting.} Qc7 34. Rd4) 33... Qc7 34. Rg4 e5 35. Bd3 (35. e4 {was necessary.} f5 36. exf5) 35... Qg7 36. Qxg7+ Kxg7 37. a4 e4 38. Be2 $2 (38. Bxe4 {is the only way for White.} f5 39. Rxg6+ hxg6 40. Bxd5) 38... f5 39. Rg3 b4 40. Bd1 Rc8 41. Rh3 Rc3 $19 42. h5 Bxb3 43. h6+ Kf6 44. Bxb3 Rxb3 45. Rh1 Ra3 46. Rc1 Ke5 0-1

[Event "68th GRE-ch 2018"]
[Site "Thessaloniki"]
[Date "2018.12.15"]
[Round "4"]
[White "Kanakaris, Georgios"]
[Black "Koutoukidis, Panagiotis"]
[Result "1/2-1/2"]
[ECO "A13"]
[WhiteElo "2401"]
[BlackElo "2357"]
[Annotator "NA"]
[PlyCount "63"]
[EventDate "2018.12.12"]
[EventType "tourn"]
[EventCountry "GRE"]
[SourceTitle "playchess.com"]
[Source "ChessBase"]
[SourceQuality "1"]
[TimeControl "40/5400+30:1800+30"]

1. c4 Nf6 2. g3 e6 3. Bg2 d5 4. Nf3 dxc4 5. Qa4+ Bd7 6. Qxc4 c5 7. Ne5 Qc8 8. Qd3 Nc6 9. Nxd7 Nxd7 10. Nc3 Nb4 11. Qb1 Be7 12. b3 O-O 13. O-O Qc7 14. Bb2 Rad8 15. Rd1 Nc6 16. Qc2 a6 17. Rac1 b5 18. Qe4 Rc8 19. e3 Nf6 20. Qb1 Qb6 21. Ne4 Nd5 22. Qa1 f6 23. Bh3 Na5 24. d3 Rcd8 25. Qb1 f5 26. Nc3 Nf6 27. Ne2 g6 28. Ba1 Rc8 29. Qb2 Rfd8 30. Nf4 Kf7 31. Bf1 Nc6 32. Bg2 1/2-1/2

[Event "68th GRE-ch 2018"]
[Site "Thessaloniki"]
[Date "2018.12.15"]
[Round "4"]
[White "Skaperdas, Kostantinos"]
[Black "Makka, Evanthia"]
[Result "1/2-1/2"]
[ECO "A06"]
[WhiteElo "2231"]
[BlackElo "2084"]
[Annotator "NA"]
[PlyCount "50"]
[EventDate "2018.12.12"]
[EventType "tourn"]
[EventCountry "GRE"]
[SourceTitle "playchess.com"]
[Source "ChessBase"]
[SourceQuality "1"]
[TimeControl "40/5400+30:1800+30"]

1. Nf3 d5 2. e3 Nf6 3. c4 e6 4. Nc3 Be7 5. b3 O-O 6. Bb2 c5 7. cxd5 Nxd5 8. h4 Nxc3 9. Bxc3 Bf6 10. Qc2 Bxc3 11. dxc3 f5 12. Bd3 Nc6 13. O-O-O Qf6 14. e4 g6 15. h5 g5 16. exf5 g4 17. Nd2 exf5 18. f4 a6 19. Nc4 b5 20. Nb6 Rb8 21. Nd5 Qf7 22. Rhe1 Be6 23. Nc7 Bc8 24. Nd5 Be6 25. Nc7 Bc8 1/2-1/2

[Event "68th GRE-ch 2018"]
[Site "Thessaloniki"]
[Date "2018.12.16"]
[Round "5"]
[White "Koutoukidis, Panagiotis"]
[Black "Ioannidis, Evgenios"]
[Result "0-1"]
[ECO "C55"]
[WhiteElo "2357"]
[BlackElo "2382"]
[Annotator "NA"]
[PlyCount "76"]
[EventDate "2018.12.12"]
[EventType "tourn"]
[EventCountry "GRE"]
[SourceTitle "playchess.com"]
[Source "ChessBase"]
[SourceQuality "1"]
[TimeControl "40/5400+30:1800+30"]

1. e4 e5 2. Nf3 Nc6 3. Bc4 Nf6 4. d3 Be7 5. O-O O-O 6. Re1 d6 7. a4 h6 8. a5 a6 9. c3 Be6 10. Bxe6 fxe6 11. Qb3 Qd7 12. h3 Nh5 13. Be3 d5 14. Ra4 Rxf3 15. gxf3 d4 16. Bc1 Rf8 17. Qd1 Bh4 18. Kg2 Ne7 $17 19. Rg1 Ng6 20. Kf1 Rf6 21. cxd4 Qf7 22. Nd2 Nhf4 23. dxe5 Nxe5 24. d4 Ned3 25. Qc2 Bxf2 26. Rg4 Qh5 27. h4 Bxh4 28. Qxc7 Bg5 29. Kg1 Nxc1 30. Nf1 Nce2+ 31. Kf2 Qh1 32. Ra3 Nc1 33. Qc4 Kh7 34. Rc3 Nfe2 35. Rxg5 hxg5 36. Re3 Qh4+ 37. Kg2 g4 38. Qc7 Nf4+ 0-1

[Event "68th GRE-ch 2018"]
[Site "Thessaloniki"]
[Date "2018.12.16"]
[Round "5"]
[White "Gouloutis, Nikolaos"]
[Black "Skaperdas, Kostantinos"]
[Result "1/2-1/2"]
[ECO "A06"]
[WhiteElo "2353"]
[BlackElo "2231"]
[Annotator "NA"]
[PlyCount "100"]
[EventDate "2018.12.12"]
[EventType "tourn"]
[EventCountry "GRE"]
[SourceTitle "playchess.com"]
[Source "ChessBase"]
[SourceQuality "1"]
[TimeControl "40/5400+30:1800+30"]

1. Nf3 d5 2. g3 g6 3. Bg2 Bg7 4. d4 Nf6 5. O-O O-O 6. c4 dxc4 7. Na3 c5 8. Nxc4 Be6 9. b3 cxd4 {[%emt 0:12:58] D77: Fianchetto Grünfeld: 6 0-0: Replies other than 6...c6} (9... Nc6 10. Bb2 cxd4 11. Nxd4 Nxd4 12. Qxd4 Qxd4 13. Bxd4 Nd5 14. Rfd1 Rad8 15. Bxg7 Kxg7 16. Rd3 b5 17. Bxd5 Rxd5 18. Rxd5 Bxd5 {½-½ (28) Malakhov,V (2686)-Matlakov,M (2735) St Petersburg 2017}) 10. Nxd4 Bd5 11. Bb2 Bxg2 12. Kxg2 Qd5+ 13. f3 $146 ({Predecessor:} 13. Nf3 Nc6 14. Bxf6 Qxd1 15. Raxd1 Bxf6 16. Rd7 Rab8 17. Rfd1 {½-½ (41) Quinteros,M-Barreras,A Cienfuegos 1972}) 13... Rd8 14. e4 Qc5 15. Ne6 Rxd1 16. Nxc5 Rxa1 17. Rxa1 b6 18. Rd1 Nc6 19. Na6 Rd8 20. Rxd8+ Nxd8 21. Nb8 $14 Ne8 22. Ba3 e6 23. Be7 Nb7 24. a4 Nc7 25. Bd6 Na8 26. e5 Bf8 27. Nd7 Bxd6 28. exd6 a6 29. Ndxb6 Nxb6 30. Nxb6 Nxd6 31. b4 Ne8 32. Nd7 Nc7 33. f4 f5 34. Nc5 Kf7 35. Kf2 Ke7 36. Ke2 Kd6 37. Kd3 e5 38. fxe5+ Kxe5 39. Kc4 g5 40. Nd7+ Kd6 41. Nf8 h6 42. Kd4 Ke7 43. Ng6+ Kf6 44. Nf8 Ke7 45. Ng6+ Kf6 46. Ne5 Ne6+ 47. Kd5 Nc7+ 48. Kd6 Ne8+ 49. Kd5 Nc7+ 50. Kd4 Ne6+ 1/2-1/2

[Event "68th GRE-ch 2018"]
[Site "Thessaloniki"]
[Date "2018.12.16"]
[Round "5"]
[White "Makka, Evanthia"]
[Black "Mastrovasilis, Athanasios"]
[Result "0-1"]
[ECO "B30"]
[WhiteElo "2084"]
[BlackElo "2510"]
[Annotator "ChessBase"]
[PlyCount "56"]
[EventDate "2018.12.12"]
[EventType "tourn"]
[EventCountry "GRE"]
[SourceTitle "playchess.com"]
[Source "ChessBase"]
[SourceQuality "1"]
[TimeControl "40/5400+30:1800+30"]

1. e4 c5 2. Nf3 Nc6 3. Bb5 e6 4. Bxc6 bxc6 5. d3 Ne7 6. Ng5 h6 7. Qh5 g6 8. Qh3 Bg7 9. Nf3 e5 10. O-O d6 11. Qg3 g5 12. h4 f6 13. Nc3 Be6 14. Ne2 Qd7 15. c3 O-O-O 16. d4 f5 17. hxg5 fxe4 18. Nxe5 dxe5 19. dxe5 Nf5 20. Qf4 hxg5 21. Qxe4 Rh4 22. Qc2 Bxe5 23. f3 Qh7 24. Kf2 Rh2 25. Rg1 Qh4+ 26. Kf1 Ng3+ 27. Nxg3 Bxg3 28. b3 Qc4+ 0-1

[Event "68th GRE-ch 2018"]
[Site "Thessaloniki"]
[Date "2018.12.17"]
[Round "6"]
[White "Kanakaris, Georgios"]
[Black "Ioannidis, Evgenios"]
[Result "1/2-1/2"]
[ECO "A13"]
[WhiteElo "2401"]
[BlackElo "2382"]
[Annotator "NA"]
[PlyCount "75"]
[EventDate "2018.12.12"]
[EventType "tourn"]
[EventCountry "GRE"]
[SourceTitle "playchess.com"]
[Source "ChessBase"]
[SourceQuality "1"]
[TimeControl "40/5400+30:1800+30"]

1. Nf3 e6 2. c4 d5 3. e3 c5 4. d4 a6 5. cxd5 exd5 6. Nc3 Nf6 7. Be2 Be7 8. dxc5 Bxc5 9. O-O O-O 10. b3 Nc6 11. Bb2 Be6 12. Na4 Bd6 {[%emt 0:03:20] LiveBook: 4 Games} 13. Nd4 Ne4 14. Rc1 $11 Ne5 15. f4 Nd7 16. Bf3 Ndf6 17. Nc3 Nxc3 18. Rxc3 Bd7 19. Rd3 Re8 20. Qd2 Rc8 21. Rd1 Qe7 22. Qf2 Bc5 23. Qg3 Ba7 24. h3 Qf8 25. a4 Ne4 26. Bxe4 dxe4 27. R3d2 f6 28. Nb5 Bxb5 29. axb5 Rcd8 30. bxa6 bxa6 31. Rd7 Bc5 32. Kh2 Rxd7 33. Rxd7 Rd8 34. Qg4 Rxd7 35. Qxd7 Bxe3 36. Qe6+ Kh8 37. Qxe4 Bc5 38. Qc4 1/2-1/2

[Event "68th GRE-ch 2018"]
[Site "Thessaloniki"]
[Date "2018.12.18"]
[Round "7"]
[White "Koutoukidis, Panagiotis"]
[Black "Skaperdas, Kostantinos"]
[Result "1/2-1/2"]
[ECO "C15"]
[WhiteElo "2357"]
[BlackElo "2231"]
[Annotator "NA"]
[PlyCount "63"]
[EventDate "2018.12.12"]
[EventType "tourn"]
[EventCountry "GRE"]
[SourceTitle "playchess.com"]
[Source "ChessBase"]
[SourceQuality "1"]
[TimeControl "40/5400+30:1800+30"]

1. e4 e6 2. d4 d5 3. Nc3 Bb4 4. Nge2 Nf6 5. e5 Nfd7 6. f4 O-O 7. Be3 c5 8. dxc5 Nc6 9. a3 Bxc5 10. Qd2 Qb6 11. Bxc5 Qxc5 12. O-O-O Nb6 13. Nd4 Nc4 (13... Nxd4 $11 {keeps the balance.} 14. Qxd4 Qxd4 15. Rxd4 Bd7) 14. Bxc4 Qxc4 15. b3 Qc5 16. Kb2 Bd7 $11 17. Nxc6 Bxc6 18. Qd4 b6 19. Rhe1 Rac8 20. g4 Rc7 21. g5 Rfc8 22. Re3 a5 23. Rd2 Be8 24. Rh3 Qxd4 25. Rxd4 f6 26. exf6 Bg6 27. fxg7 Kxg7 28. Re3 Bf5 29. a4 Kg6 30. Rg3 Kh5 31. Rd2 Kg6 32. Re3 1/2-1/2

[Event "68th GRE-ch 2018"]
[Site "Thessaloniki"]
[Date "2018.12.18"]
[Round "7"]
[White "Makka, Evanthia"]
[Black "Kanakaris, Georgios"]
[Result "1/2-1/2"]
[ECO "A49"]
[WhiteElo "2084"]
[BlackElo "2401"]
[Annotator "NA"]
[PlyCount "96"]
[EventDate "2018.12.12"]
[EventType "tourn"]
[EventCountry "GRE"]
[SourceTitle "playchess.com"]
[Source "ChessBase"]
[SourceQuality "1"]
[TimeControl "40/5400+30:1800+30"]

1. d4 Nf6 2. Nf3 g6 3. g3 Bg7 4. Bg2 O-O 5. O-O d6 6. b3 e5 7. dxe5 dxe5 8. Qxd8 Rxd8 9. Bb2 e4 10. Nfd2 Bf5 11. Nc4 Nc6 12. Nba3 Nd5 13. Bxg7 Kxg7 14. Rfe1 Nc3 15. Ne3 Nd4 $15 16. Kf1 h5 17. h3 a6 18. g4 hxg4 19. hxg4 Be6 20. Nb1 Nxb1 21. Raxb1 f5 22. c3 Nb5 23. gxf5 gxf5 24. f4 Kf6 25. c4 Nd4 26. Kf2 Rh8 27. Rh1 Bf7 28. Rxh8 Rxh8 29. Rd1 c5 30. b4 Rh4 31. Kg3 Rxf4 32. Nd5+ Bxd5 33. Kxf4 Nxe2+ 34. Ke3 Bxc4 35. bxc5 f4+ 36. Kf2 f3 37. Bf1 Ke5 38. Bxe2 fxe2 39. Rd7 Bxa2 40. Rxb7 Bc4 41. c6 Kd6 42. c7 Kd7 43. Rb4 Bd3 44. Rxe4 Bxe4 45. c8=Q+ Kxc8 46. Kxe2 a5 47. Kd2 a4 48. Kc3 Bd5 1/2-1/2

[Event "68th GRE-ch 2018"]
[Site "Thessaloniki"]
[Date "2018.12.19"]
[Round "8"]
[White "Skaperdas, Kostantinos"]
[Black "Ioannidis, Evgenios"]
[Result "0-1"]
[ECO "A46"]
[WhiteElo "2231"]
[BlackElo "2382"]
[Annotator "NA"]
[PlyCount "72"]
[EventDate "2018.12.12"]
[EventType "tourn"]
[EventCountry "GRE"]
[SourceTitle "playchess.com"]
[Source "ChessBase"]
[SourceQuality "1"]
[TimeControl "40/5400+30:1800+30"]

1. d4 Nf6 2. Nf3 e6 3. Bf4 c5 4. e3 cxd4 {[%emt 0:03:01] LiveBook: 127 Games} 5. exd4 b6 6. Nbd2 Bb7 7. Bd3 Be7 8. h3 d6 {[%emt 0:02:18] A47: 1 d4 Nf6 2 Nf3 b6: Torre, London and Colle Systems} 9. a4 $146 ({Predecessor:} 9. O-O O-O 10. Re1 Nbd7 11. a4 a6 12. Bh2 h6 13. a5 b5 14. c4 bxc4 15. Nxc4 Qb8 16. Ra3 {0-1 (86) Kamsky,G (2676)-Sjugirov,S (2650) Sochi 2017}) 9... a6 10. Nc4 O-O 11. O-O Nd5 12. Bh2 Qc7 13. c3 Nd7 14. Qe2 Rfd8 15. Rfe1 Nf8 16. Nfd2 Ng6 $11 17. Qh5 (17. Be4 Rab8) 17... Nf6 18. Qe2 Nh4 19. Ne3 Qc6 20. Bg3 Ng6 21. d5 (21. a5 $14) 21... exd5 $14 ({Wrong is} 21... Nxd5 $2 22. Nxd5 Bg5 23. Ne3 $18) 22. Nf3 Re8 23. Nd4 Qc7 24. Nef5 Bf8 25. Qc2 Ne4 26. Bh2 Ne5 27. Bf1 g6 28. Ne3 Bh6 29. Ng4 Bg7 30. f3 Nxg4 31. Bd3 Nxh2 32. fxe4 dxe4 33. Bxe4 d5 34. Bd3 Qg3 35. Ne2 Nf3+ 36. Kf1 Nxe1 0-1

[Event "68th GRE-ch 2018"]
[Site "Thessaloniki"]
[Date "2018.12.19"]
[Round "8"]
[White "Makka, Evanthia"]
[Black "Gouloutis, Nikolaos"]
[Result "0-1"]
[ECO "A46"]
[WhiteElo "2084"]
[BlackElo "2353"]
[Annotator "NA"]
[PlyCount "62"]
[EventDate "2018.12.12"]
[EventType "tourn"]
[EventCountry "GRE"]
[SourceTitle "playchess.com"]
[Source "ChessBase"]
[SourceQuality "1"]
[TimeControl "40/5400+30:1800+30"]

1. d4 Nf6 2. Nf3 e6 3. e3 c5 4. Bd3 cxd4 5. exd4 Be7 6. O-O O-O 7. c4 d5 8. Nc3 dxc4 9. Bxc4 Nbd7 10. Bb3 {[%emt 0:01:48] D40: Queen's Gambit Declined: Semi-Tarrasch with 5 e3} (10. a3 Nb6 11. Ba2 Bd7 12. Ne5 Rc8 13. Qf3 Bc6 14. Nxc6 Rxc6 15. Rd1 Nfd5 16. Ne4 Qc7 17. b4 Nc3 18. Nxc3 Rxc3 19. Qe4 {½-½ (36) Guliev,L (2336)-Tarlev,K (2544) Mersin 2017}) 10... Nb6 {[%emt 0:01:58] LiveBook: 13 Games} 11. Qd3 Bd7 12. Ne5 Rc8 13. Bg5 Bc6 14. Bc2 g6 15. Rae1 $146 ({Predecessor:} 15. Rad1 a6 16. Rfe1 Nbd5 17. Bb3 b5 18. Qh3 Qd6 19. Nxc6 Rxc6 20. Nxd5 exd5 {1-0 (42) Thielsch,N (2347)-Grohde,W (2168) Hamburg 2005}) 15... Nbd5 16. Qh3 Nh5 $11 17. Nxc6 Rxc6 18. Bh6 Ng7 19. Bb3 Nxc3 20. bxc3 Bg5 21. Bxg7 Kxg7 22. f4 Bf6 23. Rd1 h5 24. Rd3 Qb6 25. Kh1 Rfc8 26. Rg3 Qa5 27. d5 Rxc3 28. dxe6 Rc1 29. Rgf3 Qa6 30. Bd1 Rd8 31. Be2 Qxe2 0-1

[Event "68th GRE-ch 2018"]
[Site "Thessaloniki"]
[Date "2018.12.20"]
[Round "9"]
[White "Gouloutis, Nikolaos"]
[Black "Kanakaris, Georgios"]
[Result "1/2-1/2"]
[ECO "D30"]
[WhiteElo "2353"]
[BlackElo "2401"]
[Annotator "ChessBase"]
[PlyCount "37"]
[EventDate "2018.12.12"]
[EventType "tourn"]
[EventCountry "GRE"]
[SourceTitle "playchess.com"]
[Source "ChessBase"]
[SourceQuality "1"]
[TimeControl "40/5400+30:1800+30"]

1. d4 d5 2. c4 e6 3. Nf3 Nf6 4. g3 Bb4+ 5. Bd2 Be7 6. Bg2 O-O 7. O-O c6 8. Qc2 b6 9. Rd1 Ba6 10. b3 Nbd7 11. Nc3 Rc8 12. Bf4 Nh5 13. Bc1 Nhf6 14. e4 dxc4 15. Bf4 Nh5 16. Bc1 Nhf6 17. Bf4 Nh5 18. Bc1 Nhf6 19. Bf4 1/2-1/2